 Dungeon Crawl Stone Soup version 0.22.1-6-g1668fe2 (webtiles) character file.

4083 Fang the Cleaver (level 10, -1/96 HPs)
             Began as a Gargoyle Berserker on Jan 31, 2019.
             Was an Elder of Trog.
             Impaled on a porcupine's spines (6 damage)
             ... on level 8 of the Dungeon.
             The game lasted 00:13:47 (7758 turns).

Fang the Cleaver (Gargoyle Berserker)               Turns: 7758, Time: 00:13:48

Health: -1/96      AC: 14    Str: 30    XL:     10   Next: 25%
Magic:  10/10      EV: 14    Int:  8    God:    Trog [****..]
Gold:   123        SH:  0    Dex:  9    Spells: 9/9 levels left

rFire    . . .     SeeInvis +   D - +7 hand axe (elec)
rCold    . . .     Gourm    .   (no shield)
rNeg     + . .     Faith    .   w - +2 robe of Impressiveness {rElec rPois Str+4}
rPois    ∞         Spirit   .   (no helmet)
rElec    +         Reflect  .   p - +2 cloak of the Thief {+Fog Slay-2 SInv Stlth+}
rCorr    .         Harm     .   (no gloves)
MR       .....                  (no boots)
Stlth    ..........             (no amulet)
HPRegen  0.26/turn              g - -3 ring of strength (curse)
MPRegen  0.12/turn              s - ring of attention (curse)

@: berserking, very quick
A: negative energy resistance 1, electricity resistance, unbreathing,
petrification resistance, rot immunity, AC +7
a: Berserk, Trog's Hand, Brothers in Arms, Renounce Religion, Evoke Fog


You were on level 8 of the Dungeon.
You worshipped Trog.
Trog was greatly pleased with you.
You were very hungry.

You visited 1 branch of the dungeon, and saw 8 of its levels.

You collected 360 gold pieces.
You spent 237 gold pieces at shops.

Inventory:

Hand Weapons
 D - a +7 hand axe of electrocution (weapon)
 E - a +0 war axe
Armour
 o - a +0 plate armour
 p - the +2 cloak of the Thief (worn) {+Fog Slay-2 SInv Stlth+}
   (You found it on level 4 of the Dungeon)

   It affects your accuracy and damage with ranged weapons and melee attacks
   (-2).
   It lets you see invisible.
   It makes you more stealthy.
 w - the +2 robe of Impressiveness (worn) {rElec rPois Str+4}
   (You found it on level 5 of the Dungeon)

   It affects your strength (+4).
   It insulates you from electricity.
   It protects you from poison.
Jewellery
 g - a cursed -3 ring of strength (left hand)
 s - a cursed ring of attention (right hand)
 I - an uncursed ring of protection from cold {unknown}
Wands
 y - a wand of clouds (3)
 F - a wand of iceblast (7)
 H - a wand of flame (44)
 J - a wand of paralysis (7)
Scrolls
 a - a scroll of enchant armour {unknown}
 b - a scroll of noise {unknown}
 f - 6 scrolls of remove curse {unknown}
 i - 7 scrolls of identify {unknown}
 j - 9 scrolls of teleportation {unknown}
 k - a scroll of enchant weapon {unknown}
 m - 2 scrolls of fear {unknown}
 v - 2 scrolls of amnesia {unknown}
 x - a scroll of random uselessness {unknown}
 z - 2 scrolls of blinking {unknown}
Potions
 d - a potion of experience {unknown}
 e - a potion of flight {unknown}
 h - 4 potions of heal wounds {unknown}
 l - 2 potions of curing {unknown}
 n - a potion of ambrosia {unknown}
 q - 2 potions of mutation {unknown}
 r - 2 potions of lignification {unknown}
 t - a potion of might
 u - a potion of invisibility {unknown}
 A - a potion of brilliance {unknown}
 B - a potion of agility {unknown}
 C - a potion of degeneration {unknown}
 G - 2 potions of cancellation {unknown}
 K - a potion of resistance {unknown}
Comestibles
 c - 16 rations


   Skills:
 + Level 8.0 Fighting
 + Level 10.0 Axes
 + Level 4.5 Armour
 + Level 5.1 Dodging
 + Level 3.0 Stealth


You had 9 spell levels left.
You didn't know any spells.
Your spell library was empty.

Dungeon Overview and Level Annotations

Branches:
Dungeon (8/15)             Temple (0/1) D:5            Lair (0/6) D:8

Altars:
Makhleb
Qazlal
Sif Muna
Trog
Xom
Yredelemnul
Zin

Shops:
D:5 (


Innate Abilities, Weirdness & Mutations

You are resistant to torment.
Your stone body is resilient. (AC +7)
You are immune to poison.
You resist negative energy. (rN+)
You are resistant to electric shocks. (rElec)
You can survive without breathing.
You are immune to petrification.
You are immune to rotting.


Message History

Lightning courses through the death yak!
You kill the death yak!
Trog accepts your kill.
Your Fighting skill increases to level 8!
Your Axes skill increases to level 10!
Your Stealth skill increases to level 3!
You hit the death yak. The death yak gores you!
* * * LOW HITPOINT WARNING * * *
The river rat barely misses you. The porcupine bites you!
* * * LOW HITPOINT WARNING * * *
You see here a robe.
Unknown command.
You hit the death yak.
The death yak is almost dead.
You hit the river rat.
Lightning courses through the river rat!
You kill the river rat!
Trog accepts your kill.
You are struck by the porcupine's spines.
You die...

...... .............
...... #. ...#......
....#. .# #.......>....
..... #..##.. .........
...##.........#.........
.(.##..#.# #...#........
...##..#.####..rY†......
...##.....>..##.@####.#
.......(.....##.........
...<#.[......##.#.......
.........†...##.##..)...
###..............#......
#........[.#..........
#..........#...#......
#..............#......
############...# ....


You could see a death yak and a porcupine.

Vanquished Creatures
  2 death yaks (D:8)
  Pikel (D:5)
  A hippogriff (D:7)
  Prince Ribbit (D:5)
  A water moccasin (D:8)
  2 orc warriors (D:7)
  A sky beast (D:6)
  A necrophage (D:7)
  An ogre (D:4)
  Blork the orc (D:5)
  2 scorpions
  7 wights
  2 howler monkeys (D:6)
  2 crimson imps (D:5)
  A centaur zombie (D:6)
  5 hounds
  A jelly (D:5)
  2 orc priests
  A bullfrog skeleton (D:5)
  Crazy Yiuf (D:2)
  4 orc wizards
  3 worker ants
  Robin (D:2)
  A worker ant zombie (D:8)
  4 gnolls (D:7)
  13 adders
  A river rat (D:8)
  A shadow imp (D:7)
  An ooze (D:4)
  2 worms (D:2)
  5 dart slugs
  6 leopard geckos
  27 orcs
  2 ball pythons
  8 bats
  4 giant cockroaches
  13 goblins
  12 hobgoblins
  15 jackals
  8 kobolds
  7 quokkas
  5 frilled lizards
  A leopard gecko skeleton (D:5)
  A quokka skeleton (D:6)
  5 rats
186 creatures vanquished.

Vanquished Creatures (others)
  3 slaves (D:5)
  An iguana (D:5)
  An adder skeleton (D:5)
  2 orcs (D:5)
7 creatures vanquished.

Grand Total: 193 creatures vanquished

Notes
Turn   | Place    | Note
-------+----------+-------------------------------------------
     0 | D:1      | Fang the Gargoyle Berserker began the quest for the Orb.
     0 | D:1      | Reached XP level 1. HP: 14/14 MP: 1/1
    44 | D:1      | Reached XP level 2. HP: 12/19 MP: 2/2
   263 | D:1      | Reached skill level 3 in Axes
   345 | D:1      | Reached XP level 3. HP: 13/23 MP: 3/3
   378 | D:1      | Reached ** piety under Trog
   998 | D:2      | Reached XP level 4. HP: 21/29 MP: 4/4
  1135 | D:2      | Noticed Robin
  1144 | D:2      | Killed Robin
  1389 | D:2      | Reached XP level 5. HP: 33/33 MP: 5/5
  1501 | D:2      | Reached *** piety under Trog
  1751 | D:2      | Reached skill level 4 in Axes
  1795 | D:2      | Found a shimmering altar of Xom.
  1961 | D:2      | Found a runed door.
  2005 | D:2      | Noticed Crazy Yiuf
  2009 | D:2      | Killed Crazy Yiuf
  3013 | D:3      | Found a deep blue altar of Sif Muna.
  3158 | D:4      | Found the +2 cloak of the Thief {+Fog Slay-2 SInv Stlth+}
  3255 | D:4      | Reached XP level 6. HP: 39/39 MP: 6/6
  3823 | D:4      | Reached skill level 5 in Axes
  4291 | D:5      | Entered Level 5 of the Dungeon
  4358 | D:5      | Noticed a green death
  4359 | D:5      | Found a burning altar of Makhleb.
  4380 | D:5      | Got a transparent robe
  4391 | D:5      | Identified the +2 robe of Impressiveness {rElec rPois
                  | Str+4} (You found it on level 5 of the Dungeon)
  4393 | D:5      | Found a glowing silver altar of Zin.
  4395 | D:5      | Noticed an angel
  4455 | D:5      | Reached XP level 7. HP: 40/44 MP: 7/7
  4484 | D:5      | Noticed Pikel
  4486 | D:5      | Found Emixis's Antique Weapon Shop.
  4510 | D:5      | Killed Pikel
  4510 | D:5      | Reached skill level 5 in Fighting
  4510 | D:5      | Reached skill level 6 in Axes
  4510 | D:5      | Reached XP level 8. HP: 44/49 MP: 8/8
  4709 | D:5      | Reached **** piety under Trog
  4759 | D:5      | Found a staircase to the Ecumenical Temple.
  4776 | D:5      | Reached skill level 1 in Stealth
  4804 | D:5      | Noticed Blork the orc
  4834 | D:5      | Killed Blork the orc
  5218 | D:5      | Found a bloodstained altar of Trog.
  5457 | D:6      | Reached skill level 7 in Axes
  6187 | D:6      | Found a basalt altar of Yredelemnul.
  6258 | D:6      | Reached XP level 9. HP: 30/55 MP: 9/9
  6612 | D:5      | Noticed Prince Ribbit
  6626 | D:5      | Bought a runed hand axe for 150 gold pieces
  6626 | D:5      | Bought a war axe for 87 gold pieces
  6641 | D:5      | Killed Prince Ribbit
  6641 | D:5      | Reached skill level 8 in Axes
  6865 | D:7      | Found a stormy altar of Qazlal.
  6951 | D:7      | Received a gift from Trog
  7490 | D:7      | Reached skill level 9 in Axes
  7742 | D:8      | Noticed a death yak
  7744 | D:8      | Found a staircase to the Lair.
  7745 | D:8      | Noticed a death yak
  7745 | D:8      | Noticed a death yak
  7755 | D:8      | Killed a death yak
  7755 | D:8      | Reached skill level 5 in Dodging
  7755 | D:8      | Reached XP level 10. HP: 19/64 MP: 10/10
  7756 | D:8      | Killed a death yak
  7756 | D:8      | Reached skill level 10 in Axes
  7758 | D:8      | Impaled on a porcupine's spines

Skill      XL: |  1  2  3  4  5  6  7  8  9 10 |
---------------+-------------------------------+-----
Axes           | 3 4 5 6 7 9 10 | 10.0
Dodging        | 2 3 4 5 |  5.1
Fighting       | 4 5 6 7 8 |  8.0
Armour         | 3 4 |  4.5
Stealth        | 1 2 3 |  3.0

Action                   |  1- 3 |  4- 6 |  7- 9 | 10-12 || total
-------------------------+-------+-------+-------+-------++-------
Melee: Hand axe          |    96 |   318 |   381 |     2 ||   797
Invok: Berserk           |       |     4 |     5 |       ||     9
 Stab: Sleeping          |       |       |     1 |       ||     1
  Eat: Chunk             |       |    15 |    11 |       ||    26
       Ration            |       |       |     1 |       ||     1
Armor: Animal skin       |    24 |       |       |       ||    24
       Ring mail         |    35 |    78 |       |       ||   113
       Chain mail        |       |    35 |       |       ||    35
       Plate armour      |       |    56 |       |       ||    56
       Robe              |       |     7 |   176 |       ||   183
Dodge: Dodged            |    89 |   174 |   273 |     2 ||   538
